 Dungeon Crawl Stone Soup version 0.31-a0-187-gba352fbbf7 (webtiles) character file.

Game seed: 15661250819232265358

1165 qw the Skirmisher (level 8, -3/46 HPs)
             Began as a Deep Elf Hunter on June 22, 2023.
             Slain by Pikel
             ... wielding a +2 whip of freezing
              (5 damage)
             ... on level 4 of the Dungeon.
             The game lasted 00:02:13 (3743 turns).

qw the Skirmisher (Deep Elf Hunter)                 Turns: 3743, Time: 00:02:13

Health: -3/46      AC:  7    Str: 10    XL:     8   Next: 17%
Magic:  10/10      EV: 11    Int: 15    God:
Gold:   251        SH:  0    Dex: 18    Spells: 7/7 levels left

rFire   . . .        e - +0 orcbow
rCold   . . .        (shield currently unavailable)
rNeg    . . .        b - +0 ring mail
rPois   .            (no helmet)
rElec   .            d - +0 cloak
rCorr   .            c - +0 pair of gloves
SInv    .            (no boots)
Will    .....        (no amulet)
Stlth   +            (no ring)
HPRegen 0.27/turn    (no ring)
MPRegen 0.12/turn

%: no passive effects
@: no status effects
A: no striking features
a: no special abilities


You were on level 4 of the Dungeon.
You visited 1 branch of the dungeon, and saw 6 of its levels.

You collected 251 gold pieces.


   Skills:
 - Level 3.4 Fighting
 - Level 12.1 Ranged Weapons
 - Level 1.5 Armour
 + Level 3.4 Dodging
 - Level 1.2 Stealth


You had 7 spell levels left.
You didn't know any spells.
Your spell library was empty.

Inventory:

Hand Weapons
 e - a +0 orcbow (weapon)
Armour
 b - a +0 ring mail (worn)
 c - a +0 pair of gloves (worn)
 d - a +0 cloak (worn)
Jewellery
 f - an amulet of magic regeneration
Scrolls
 a - a scroll of identify
 n - 2 scrolls of revelation {unknown}
Potions
 g - a potion of mutation {unknown}
 h - a potion of resistance {unknown}
 i - 2 potions of curing
 j - a potion of enlightenment {unknown}
 k - a potion of might
 l - a potion of heal wounds {unknown}
 m - a potion of attraction {unknown}

Dungeon Overview and Level Annotations

Branches:
Dungeon (6/15)
 Temple: D:4-7

Altars:

Shops:
D:3 =   D:6 :

Annotations:
D:3 3 runed translucent doors, qw's ghost, weakling DEHu
D:4 Pikel


Message History

The lemure is severely wounded.
Pikel says, "You'll feel the lick of my whip!"
You shoot an arrow. The arrow hits the lemure!
You kill the lemure!
That felt strangely unrewarding.
The lemure barely misses you.
You shoot an arrow. The arrow closely misses the lemure.
The lemure hits you.
You shoot an arrow. The arrow barely misses the lemure.
The lemure misses you.
A lemure comes into view.
You shoot an arrow. The arrow barely misses Pikel.
The lemure shouts!
The arrow hits the lemure!
The lemure is moderately wounded.
The lemure closely misses you.
Pikel hits you with a +2 whip of freezing.
Pikel freezes you.
You shoot an arrow.
The arrow hits Pikel but does no damage.
The lemure hits you but does no damage.
Pikel hits you with a +2 whip of freezing.
Pikel freezes you.
You shoot an arrow. The arrow closely misses the lemure.
The lemure hits you. x2
Pikel hits you with a +2 whip of freezing!
Pikel freezes you.
You shoot an arrow. The arrow closely misses the lemure.
The lemure hits you. The lemure hits you but does no damage.
Pikel hits you with a +2 whip of freezing.
Pikel freezes you.
You shoot an arrow. The arrow hits the lemure!
The lemure is heavily wounded.
The lemure barely misses you.
Pikel hits you with a +2 whip of freezing.
Pikel freezes you. The lemure completely misses you.
You shoot an arrow. The arrow closely misses the lemure.
The lemure closely misses you. The lemure hits you but does no damage.
Pikel hits you with a +2 whip of freezing.
You die...

....### .# .......#.
#........ #........
#.......# #......5#
#.....K5##.##.#
#.....5@##.##.#
#.......##.##.#
#.......##....######
#...........[......#
####...............#
#..............^#
#.....|.........#
#...............#
#...............#


You could see Pikel and 3 lemures.

Vanquished Creatures
  Sigmund (D:3)
  An ice beast (D:5)
  A black bear (D:5)
  An ogre (D:2)
  A lemure (D:4)
  A centaur (D:4)
  3 wights (D:6)
  A howler monkey (D:5)
  A jelly (D:5)
  A hound (D:6)
  An iguana (D:5)
  An orc wizard (D:5)
  3 sleepcaps
  Natasha (D:4)
  3 gnolls (D:5)
  13 adders
  A river rat (D:5)
  3 worms
  2 dart slugs
  8 orcs
  9 endoplasms
  4 giant cockroaches
  6 goblins
  9 hobgoblins
  12 jackals
  5 quokkas
  6 ball pythons
  4 bats
  2 frilled lizards (D:1)
  5 kobolds
  5 rats
115 creatures vanquished.

Notes
Turn   | Place    | Note
-------+----------+-------------------------------------------
     0 | D:1      | qw the Deep Elf Hunter began the quest for the Orb.
     0 | D:1      | Reached XP level 1. HP: 12/12 MP: 3/3
     0 | D:1      | 0 ||| qw: Version: 0.3-a-9-g12657ce
     0 | D:1      | 0 ||| qw: Game counter: 2581
     0 | D:1      | 0 ||| qw: Always use a shield: true
     0 | D:1      | 0 ||| qw: God list: Okawaru
     0 | D:1      | 0 ||| qw: Allow faded altars: false
     0 | D:1      | 0 ||| qw: Do Orc after D:15 true
     0 | D:1      | 0 ||| qw: Do second Lair branch before Depths: true
     0 | D:1      | 0 ||| qw: Lair rune preference: random
     0 | D:1      | 0 ||| qw: Plans: Normal
     0 | D:1      | 0 ||| PLANNING D:1-11
   161 | D:1      | Reached XP level 2. HP: 16/16 MP: 4/4
   171 | D:1      | Reached skill level 6 in Ranged Weapons
   561 | D:1      | Reached XP level 3. HP: 18/20 MP: 5/5
   713 | D:1      | 713 ||| READING 2 scrolls labelled REKHECEONO.
   714 | D:1      | 714 ||| READING scroll labelled CAXTUABOFY.
   715 | D:1      | 715 ||| READING scroll labelled ASSIPO AZIL.
   716 | D:1      | 716 ||| READING scroll labelled LYMMUGR HUEQ.
   817 | D:1      | 817 ||| DRINKING 2 fizzy clear potions.
   818 | D:1      | 818 ||| DROPPING scroll of butterflies.
   869 | D:2      | Reached skill level 7 in Ranged Weapons
   916 | D:2      | Noticed an ogre
   924 | D:2      | HP: 1/20 [ogre/+0 giant spiked club (19)]
   925 | D:2      | Killed an ogre
   926 | D:2      | Reached skill level 8 in Ranged Weapons
   926 | D:2      | Reached XP level 4. HP: 2/25 MP: 6/6
   928 | D:2      | 928 ||| FLEEEEING.
  1127 | D:2      | Reached XP level 5. HP: 25/29 MP: 7/7
  1526 | D:2      | 1526 ||| UPGRADING to +0 ring mail.
  1536 | D:2      | 1536 ||| DROPPING +0 leather armour.
  1537 | D:2      | 1537 ||| READING scroll labelled ZIJEFFYM YXZANK.
  1540 | D:2      | 1540 ||| READING scroll labelled NUMICY UGUXT.
  1541 | D:2      | 1541 ||| READING scroll labelled SUILAU LOROPP.
  1606 | D:3      | 1606 ||| FLEEEEING.
  1614 | D:3      | 1614 ||| STAIRDANCE
  1709 | D:3      | Reached skill level 9 in Ranged Weapons
  1777 | D:3      | Noticed Sigmund
  1792 | D:3      | HP: 5/30 [something (9)]
  1794 | D:3      | Killed Sigmund
  1795 | D:3      | Reached skill level 3 in Fighting
  1795 | D:3      | Reached XP level 6. HP: 7/37 MP: 8/8
  2163 | D:3      | You fall into a shaft and drop 3 floors!
  2163 | D:6      | Found Ekamolatz's Book Shop.
  2171 | D:6      | 2171 ||| PLANNING D:1-11
  2236 | D:6      | HP: 7/31 [wight/+0 war axe (2)]
  2237 | D:6      | HP: 3/31 [wight/+0 war axe (4)]
  2239 | D:6      | Reached skill level 10 in Ranged Weapons
  2239 | D:6      | Reached XP level 7. HP: 2/37 MP: 9/9
  2404 | D:6      | Reached skill level 3 in Dodging
  2513 | D:6      | 2513 ||| READING scroll labelled IROMAPT ISASM.
  2514 | D:6      | 2514 ||| READING scroll labelled PITOX MYZXUN.
  2515 | D:6      | 2515 ||| READING scroll labelled SIXZANW POESIWK.
  2524 | D:5      | Entered Level 5 of the Dungeon
  2525 | D:5      | 2525 ||| PLANNING SEWER
  2625 | D:5      | Reached skill level 11 in Ranged Weapons
  2853 | D:5      | HP: 10/41 [sleepcap (1)]
  3241 | D:5      | Reached skill level 12 in Ranged Weapons
  3241 | D:5      | Reached XP level 8. HP: 35/46 MP: 10/10
  3273 | D:5      | 3273 ||| RIP SEWER
  3320 | D:5      | 3320 ||| PLANNING D:1-11
  3320 | D:5      | 3320 ||| UPGRADING to +0 pair of gloves.
  3325 | D:5      | 3325 ||| UPGRADING to +0 cloak.
  3330 | D:5      | 3330 ||| DRINKING 2 cyan potions.
  3331 | D:5      | 3331 ||| DROPPING potion of invisibility.
  3360 | D:3      | Found Bimuxuf's Jewellery Emporium.
  3365 | D:3      | 3365 ||| SHOPLISTING +4 ring of protection (396 gold, have
                  | 224).
  3365 | D:3      | 3365 ||| SHOPLISTING +5 ring of evasion (396 gold, have
                  | 224).
  3365 | D:3      | 3365 ||| SHOPLISTING +6 ring of dexterity (396 gold, have
                  | 224).
  3365 | D:3      | 3365 ||| SHOPLISTING +6 ring of strength (396 gold, have
                  | 224).
  3365 | D:3      | 3365 ||| SHOPLISTING amulet of the acrobat (330 gold, have
                  | 224).
  3365 | D:3      | 3365 ||| SHOPLISTING ring of protection from fire (275
                  | gold, have 224).
  3482 | D:3      | Noticed qw's ghost (weakling DEHu)
  3483 | D:3      | Found a runed translucent gate.
  3485 | D:3      | Found a runed translucent gate.
  3485 | D:3      | Found a runed translucent gate.
  3501 | D:3      | 3501 ||| READING 2 scrolls of identify.
  3501 | D:3      | 3501 ||| IDENTIFYING orange potion
  3502 | D:3      | 3502 ||| DROPPING potion of lignification.
  3578 | D:4      | Reached skill level 1 in Armour
  3590 | D:4      | 3590 ||| SWAPPING to +0 orcbow.
  3591 | D:4      | 3591 ||| DROPPING +1 shortbow.
  3623 | D:4      | Noticed Natasha
  3636 | D:4      | Killed Natasha
  3732 | D:4      | Noticed Pikel
  3741 | D:4      | HP: 8/46 [Pikel/+2 whip of freezing (6)]
  3742 | D:4      | HP: 3/46 [Pikel/+2 whip of freezing (5)]
  3743 | D:4      | Slain by Pikel

Levels and vault maps discovered:
D:1:      amcnicky_arrival_underground_garden, layout_loops_cross
D:2:      layout_basic
D:3:      layout_rooms, serial_shops, shop, gammafunk_ghost_nasty_kobolds,
          uniq_sigmund
D:4:      layout_basic, minmay_temple_entry_statues_pillars,
          hellmonk_ghost_happy_afterlife, uniq_pikel, uniq_natasha
D:5:      layout_rooms, jmf_multi_god_temple, gup_sewer_entry_bowl
D:6:      lemuel_castle_with_subvaults [lemuel_castle_interior_carwin_2],
          layout_layer_cave, serial_shops, shop, shop, shop_fountains,
          serial_glass, glass_columns_a, glass_columns_b, glass_columns_a,
          glass_columns_b, glass_columns_a, minmay_misc_feat_doors

Skill      XL: |  1  2  3  4  5  6  7  8 |
---------------+-------------------------+-----
Ranged Weapons | 6 8 9 10 12 | 12.1
Fighting       | 3 |  3.4
Dodging        | 3 |  3.4
Armour         | 1 |  1.5
Stealth        | |  1.2

Action                     |  1- 3 |  4- 6 |  7- 9 || total
---------------------------+-------+-------+-------++-------
   Fire: Shortbow          |    88 |   179 |   171 ||   438
         Orcbow            |       |       |    30 ||    30
    Use: Scroll            |     4 |     3 |     4 ||    11
         Potion            |     1 |       |     1 ||     2
 Armour: Leather armour    |     3 |     6 |       ||     9
         Ring mail         |       |    19 |    52 ||    71
  Dodge: Dodged            |    23 |    47 |   100 ||   170

Table legend:
 A = Non-vault XP
 B = Vault XP
 C = Vault XP percentage of total XP
 D = Non-vault monster count
 E = Vault monster count
 F = Vault count percentage of total count
                 A         B        C        D         E       F
            +---------+---------+-------+---------+---------+-------
      Total |    1250 |     415 |  24.9 |     106 |       8 |   7.0
            +---------+---------+-------+---------+---------+-------
        D:1 |      46 |       0 |   0.0 |      26 |       0 |   0.0
        D:2 |     196 |       0 |   0.0 |      24 |       0 |   0.0
        D:3 |     101 |     223 |  68.8 |      22 |       1 |   4.3
        D:4 |     135 |      35 |  20.6 |       9 |       1 |  10.0
        D:5 |     464 |     157 |  25.3 |      18 |       6 |  25.0
        D:6 |     308 |       0 |   0.0 |       7 |       0 |   0.0
            +---------+---------+-------+---------+---------+-------
